 Dungeon Crawl Stone Soup version 0.30-a0-469-g84de5afbc5 (webtiles) character file.

Game seed: 2360381325988411246

939 retardedninja the Scholar of Death (level 7, 0/46 HPs)
             Began as a Mummy Necromancer on Dec 19, 2022.
             Was a Follower of Kikubaaqudgha.
             Slain by an ice beast (4 damage)
             ... on level 6 of the Dungeon.
             The game lasted 00:14:47 (7475 turns).

retardedninja the Scholar of Death (MuNe)           Turns: 7475, Time: 00:14:48

Health: 0/46       AC:  2    Str: 14    XL:     7   Next: 87%
Magic:  14/16      EV: 12    Int: 14    God:    Kikubaaqudgha [*.....]
Gold:   393        SH:  0    Dex: 12    Spells: 17/18 levels left

rFire   . . .      SeeInvis .    b - +9 dagger
rCold   + + .      Faith    +    (no shield)
rNeg    + + +      Spirit   .    a - +0 robe
rPois   ∞          Reflect  .    (no helmet)
rElec   .          Harm     .    (no cloak)
rCorr   .          Rampage  .    (no gloves)
Will    .....                    (no boots)
Stlth   ++........               (no amulet)
HPRegen 0.27/turn                j - ring of protection from cold
MPRegen 0.15/turn                c - ring of protection from fire

@: about to teleport
A: cold resistance 1, negative energy resistance 3, torment resistance 2, heat
vulnerability 1, in touch with death 1, no potions, faith
a: Renounce Religion, Unearth Wretches


You were on level 6 of the Dungeon.
You worshipped Kikubaaqudgha.
Kikubaaqudgha was aware of your devotion.
You visited 2 branches of the dungeon, and saw 7 of its levels.

You collected 393 gold pieces.

Inventory:

Hand Weapons
 b - a +9 dagger (weapon)
Armour
 a - a +0 robe (worn)
Jewellery
 c - a ring of protection from fire (right hand)
 j - a ring of protection from cold (left hand)
Wands
 h - a wand of flame (24)
Scrolls
 d - 3 scrolls of vulnerability
 e - a scroll of teleportation
 f - a scroll of enchant weapon
 g - 2 scrolls of immolation
 i - 2 scrolls of summoning


   Skills:
 + Level 3.2 Dodging
 * Level 4.2 Stealth
 * Level 6.4 Spellcasting
 * Level 6.4 Necromancy


You had 17 spell levels left.
You knew the following spells:

 Your Spells              Type           Power      Damage    Failure   Level
a - Necrotise             Necr           100%       1d9       1%          1

Your spell library contained the following spells:

 Spells                   Type           Power      Damage    Failure   Level
 Vampiric Draining        Necr           33%        2d8       3%          3
 Kiss of Death            Conj/Necr      80%        2d11      4%          1
 Animate Dead             Necr           33%        N/A       11%         4
 Agony                    Necr           33%        N/A       30%         5
 Gell's Gravitas          Tloc           4%         N/A       41%         3
 Ignite Poison            Fire/Tmut/Pois 4%         N/A       41%         3
 Lesser Beckoning         Tloc           8%         N/A       41%         3
 Ozocubu's Armour         Ice            4%         N/A       41%         3
 Teleport Other           Tloc           4%         N/A       41%         3
 Sticky Flame             Conj/Fire      4%         2d3       83%         4
 Ozocubu's Refrigeration  Ice            2%         4d7       100%        7
 Ignition                 Fire           2%         3d3       100%        8


Dungeon Overview and Level Annotations

Branches:
Dungeon (6/15)             Temple (1/1) D:4

Altars:
Ashenzari
Cheibriados
Dithmenos
Gozag
Hepliaklqana
Kikubaaqudgha
Makhleb
Nemelex Xobeh
Okawaru
Qazlal
Ru
Sif Muna
Trog
Uskayaw
Vehumet
Wu Jian
Xom
Yredelemnul

Shops:
D:1 [   D:5 :


Innate Abilities, Weirdness & Mutations

You are immune to poison.
Your flesh is cold resistant. (rC+)
You are immune to negative energy. (rN+++)
You are immune to unholy pain and torment.
You are vulnerable to heat. (rF-)
You are in touch with the powers of death.
You do not drink.
You have a special connection with the divine. (Faith)


Message History

You closely miss the phantom.
The phantom is almost destroyed.
The phantom closely misses you.
The ice beast hits you but does no damage.
You puncture the phantom!
You destroy the phantom!
Kikubaaqudgha accepts your kill. The ice beast closely misses you.
The ice beast hits you. The ice beast freezes you. You resist.
Casting: Necrotise (safe; 1% risk of failure)
Confirm with . or Enter, or press ? or * to list all spells.
Aiming: Necrotise (safe; 1% risk of failure)
Press: ? - help, Shift-Dir - straight line, f - ice beast
Aim: an ice beast (chance to affect: 83%)
You feel a surge of power!
The ice beast writhes in agony!
The ice beast hits you. The ice beast freezes you. You resist.
* * * LOW HITPOINT WARNING * * *
Casting: Necrotise (safe; 1% risk of failure)
Confirm with . or Enter, or press ? or * to list all spells.
Aiming: Necrotise (safe; 1% risk of failure)
Press: ? - help, Shift-Dir - straight line, f/p - ice beast
Aim: an ice beast (moderately wounded, chance to affect: 83%)
You feel a surge of power!
The ice beast writhes in agony.
The ice beast hits you.
* * * LOW HITPOINT WARNING * * *
The ice beast freezes you. You resist.
* * * LOW HITPOINT WARNING * * *
As you read the scroll of teleportation, it crumbles to dust.
You feel strangely unstable.
The ice beast hits you but does no damage.
You can't drink.
The ice beast attacks as you move away! The ice beast barely misses you.
The ice beast attacks as you move away! The ice beast hits you.
* * * LOW HITPOINT WARNING * * *
The ice beast freezes you. You resist.
* * * LOW HITPOINT WARNING * * *
There is a stone staircase leading down here.
The ice beast attacks as you move away! The ice beast hits you.
You die...
Kikubaaqudgha rasps: "You have failed me!
Welcome... oblivion!"

...##.###.#
#........... .##
#. ..
#.#..#...... #.
#.##.#.........#
#.##.........$.#
#..............#
##.............#
#............$
##.............
##....[.@..####.
#.......Y...#
.....#.........#
###. #.........#
# ...........#
#..........#
##.........#
#..$......#
#....(....#


You could see an ice beast.

Vanquished Creatures
  A black bear (D:4)
  2 phantoms
  A scorpion (D:3)
  2 hounds (D:4)
  2 jellies
  4 orc priests
  A gnoll bouda (D:5)
  2 iguanas
  2 orc wizards (D:5)
  9 gnolls
  3 adders
  A river rat (D:4)
  A white imp (D:6)
  2 ufetubi (D:5)
  15 orcs
  6 endoplasms
  7 giant cockroaches
  2 goblins
  8 hobgoblins
  3 quokkas
  9 ball pythons
  3 bats
  5 frilled lizards
  4 kobolds
  7 rats
102 creatures vanquished.

Vanquished Creatures (collateral kills)
  Ijyb (D:5)
  3 orcs
  2 frilled lizards (D:1)
  A goblin (D:4)
7 creatures vanquished.

Vanquished Creatures (others)
  4 plants (D:1)
4 creatures vanquished.

Grand Total: 113 creatures vanquished

Notes
Turn   | Place    | Note
-------+----------+-------------------------------------------
     0 | D:1      | retardedninja the Mummy Necromancer began the quest for the
                  | Orb.
     0 | D:1      | Reached XP level 1. HP: 13/13 MP: 4/4
   217 | D:1      | Found Tideewk's Antique Armour Shoppe.
   237 | D:1      | Reached XP level 2. HP: 19/19 MP: 0/5
  1020 | D:2      | Gained mutation: You are in touch with the powers of death.
                  | [Mummy growth]
  1020 | D:2      | Reached XP level 3. HP: 24/24 MP: 4/7
  2258 | D:2      | Found a burning altar of Makhleb.
  2486 | D:3      | Reached XP level 4. HP: 30/30 MP: 3/9
  3254 | D:3      | Noticed a scorpion
  3261 | D:3      | Killed a scorpion
  3262 | D:3      | Reached skill level 5 in Necromancy
  3262 | D:3      | Reached XP level 5. HP: 34/35 MP: 3/11
  3507 | D:4      | HP: 1/35 [orc priest/+0 dagger (4)]
  3895 | D:4      | Reached XP level 6. HP: 41/41 MP: 9/13
  3964 | D:4      | Reached skill level 5 in Spellcasting
  4068 | D:4      | HP: 2/41 [black bear (4)]
  4607 | D:4      | Found a staircase to the Ecumenical Temple.
  4624 | Temple   | Entered the Ecumenical Temple
  4786 | Temple   | Became a worshipper of Kikubaaqudgha
  5292 | D:5      | Entered Level 5 of the Dungeon
  5360 | D:5      | Reached XP level 7. HP: 46/46 MP: 12/15
  5746 | D:5      | Found Sesse's Book Shop.
  6339 | D:5      | Noticed Ijyb
  6348 | D:5      | Killed Ijyb
  6348 | D:5      | Reached * piety under Kikubaaqudgha
  6348 | D:5      | Received a gift from Kikubaaqudgha
  7229 | D:5      | Found a hazy altar of Hepliaklqana.
  7229 | D:5      | Found a broken altar of Ashenzari.
  7230 | D:5      | Found a shadowy altar of Dithmenos.
  7232 | D:5      | Found a radiant altar of Vehumet.
  7475 | D:6      | Slain by an ice beast

Illustrated notes

Levels and vault maps discovered:
D:1:      heliophobic_arrival_battle_scene, layout_basic, serial_shops, shop,
          minmay_misc_feat_tower, st_stairs_9, minmay_lizard_king
D:2:      layout_basic, basic_altar
D:3:      layout_basic, grunt_decor_junction
D:4:      layout_loops_ring, minmay_temple_entry_glass, portal_sewer_entry_a,
          minmay_misc_feat_iff
D:5:      layout_cave_pools, minitemple, serial_shops, nicolae_diamond_shop,
          uniq_ijyb
D:6:      layout_rooms
Temple:   nicolae_temple_bog_church

Skill      XL: |  1  2  3  4  5  6  7 |
---------------+----------------------+-----
Spellcasting   | 3 4 5 6 |  6.4
Stealth        | 2 3 4 |  4.2
Dodging        | 2 3 |  3.2
Necromancy     | 5 6 |  6.4

Action                   |  1- 3 |  4- 6 |  7- 9 || total
-------------------------+-------+-------+-------++-------
Melee: Dagger            |    37 |    23 |    29 ||    89
       Unarmed           |     4 |       |       ||     4
       Punch             |       |       |     1 ||     1
 Cast: Necrotise         |    74 |    66 |    63 ||   203
  Use: Scroll            |     7 |    11 |     5 ||    23
 Stab: Sleeping          |     1 |       |     1 ||     2
Armor: Robe              |     9 |     9 |    11 ||    29
Dodge: Dodged            |    44 |    34 |    58 ||   136

Table legend: (Time is in decaauts)
 A = Elapsed time spent in this place.
 B = Non-inter-level travel time spent in this place.
 C = Inter-level travel time spent in this place.
 D = Time resting spent in this place.
 E = Time spent auto-exploring this place.
 F = Levels seen in this place.
 G = Mean time per level.
                   A        B        C        D        E       F      G
               +--------+--------+--------+--------+--------+-----+--------+
         Total |   7487 |   7275 |    212 |   2702 |   3535 |   7 | 1069.6 |
       Dungeon |   7312 |   7104 |    208 |   2702 |   3384 |   6 | 1218.7 |
        Temple |    174 |    170 |      4 |      0 |    151 |   1 |  174.0 |
               +--------+--------+--------+--------+--------+-----+--------+

Top non-repeatable levels by time:
     D:4: 2344 daAuts
     D:3: 1806 daAuts
     D:5: 1225 daAuts
     D:2: 928 daAuts
     D:1: 892 daAuts
  Temple: 174 daAuts
     D:6: 114 daAuts
